 Dungeon Crawl Stone Soup version 0.30.1 (webtiles) character file.

Game seed: 7223174378690732486

1785 hawla the Arsonist (level 9, -8/67 HPs)
             Began as a Meteoran Fire Elementalist on July 7, 2023.
             Killed from afar by Maggie (33 damage)
             ... with a bolt of fire
             ... on level 6 of the Dungeon.
             The game lasted 00:13:33 (2331 turns).

hawla the Arsonist (Meteoran Fire Elementalist)     Turns: 2331, Time: 00:13:34

Health: -8/67      AC:  3    Str:  9 (10) XL:     9   Next: 54%
Magic:  8/22       EV: 13    Int: 25      God:
Gold:   167        SH:  0    Dex: 12 (13) Spells: 17/24 levels left

rFire   . . .        j - +1 flail (holy)
rCold   . . .        (no shield)
rNeg    . . .        a - +0 robe
rPois   +            (no helmet)
rElec   .            (no cloak)
rCorr   .            d - +0 pair of gloves
SInv    .            (no boots)
Will    +....        (no amulet)
Stlth   +            i - ring of poison resistance
HPRegen 0.31/turn    (no ring)
MPRegen 0.18/turn

%: no passive effects
@: glowing
A: sense surroundings 2, otherworldly, glowing, explore regen, clever 1,
deterioration 1
a: no special abilities


You were on level 6 of the Dungeon.
You visited 2 branches of the dungeon, and saw 7 of its levels.
You also visited: Sewer.

You collected 167 gold pieces.

Inventory:

Hand Weapons
 f - a +3 whip
 j - a +1 flail of holy wrath (weapon)
Armour
 a - a +0 robe (worn)
 d - a +0 pair of gloves (worn)
Jewellery
 i - a ring of poison resistance (left hand)
Scrolls
 h - a scroll of blinking
 k - a scroll of brand weapon {unknown}
 m - a scroll of fear {unknown}
Potions
 b - a potion of brilliance
 e - a potion of flight {unknown}
 g - 2 potions of curing
 l - a potion of might {unknown}
 n - a potion of lignification {unknown}


   Skills:
 + Level 2.1 Fighting
 + Level 1.0 Maces & Flails
 + Level 4.0 Dodging
 - Level 1.4 Stealth
 + Level 8.3 Spellcasting
 + Level 6.5 Conjurations
 + Level 8.7 Fire Magic


You had 17 spell levels left.
You knew the following spells:

 Your Spells              Type           Power      Damage    Failure   Level
a - Foxfire               Conj/Fire      100%       2x1d9     1%          1
b - Scorch                Fire           100%       2d9       1%          2
c - Flame Wave            Conj/Fire      48%        2d12      2%          4

Your spell library contained the following spells:

 Spells                   Type           Power      Damage    Failure   Level
 Magic Dart               Conj           100%       1d8       1%          1
 Inner Flame              Hex/Fire       32%        N/A       3%          3
 Volatile Blastmotes      Fire/Tloc      64%        2d15      3%          3
 Mephitic Cloud           Conj/Pois/Air  21%        N/A       7%          3
 Call Imp                 Summ           20%        N/A       9%          2
 Frozen Ramparts          Ice            20%        1d4       19%         3
 Ice Form                 Ice/Tmut       10%        N/A       52%         4
 Summon Ice Beast         Ice/Summ       10%        N/A       52%         4


Dungeon Overview and Level Annotations

Branches:
Dungeon (6/15) Zot: 1770   Temple (1/1) D:6 Zot: 519   Sewer (visited)

Altars:
Ashenzari
Cheibriados
Elyvilon
Gozag
Kikubaaqudgha
Qazlal
Xom
Yredelemnul
Zin
The Shining One

Shops:
D:4 [

Annotations:
D:6 Maggie


Innate Abilities, Weirdness & Mutations

You passively map the area around you.
You are easily found by Zot.
You glow in the dark.
You regain HP and MP as you explore.
Your mind is acute. (Int +4, Str/Dex -1)
Your body sometimes deteriorates upon taking damage.


Message History

Maggie hits you from afar with a +1 halberd of flaming.
Maggie burns you.
Items here: )) [[ ††.
Maggie casts a spell at you. The bolt of fire hits you!
Your body deteriorates!
You feel clumsy. Maggie misses you.
Found a stone staircase leading up.
Maggie misses you.
Maggie casts a spell.
Maggie attempts to bespell you! You resist with some effort.
Maggie casts a spell at you. The bolt of fire hits you!
Maggie points at you and mumbles some strange words.
The bolt of fire hits you!
Your body deteriorates!
You feel weakened.
Maggie says, "Leave now, and tell all of Margery's mercy!"
Casting: Foxfire (safe; 1% risk of failure)
Confirm with . or Enter, or press ? or * to list all spells.
You conjure some foxfire!
The foxfire hits Maggie but does no damage.
Maggie is lightly wounded.
The foxfire hits Maggie.
Maggie is moderately wounded.
Maggie gestures at you while chanting. The bolt of fire hits you!!
Casting: Foxfire (safe; 1% risk of failure)
Confirm with . or Enter, or press ? or * to list all spells.
You conjure some foxfire!
Maggie mumbles some strange words.
Maggie attempts to bespell you! You resist with almost no effort.
Casting: Foxfire (safe; 1% risk of failure)
Confirm with . or Enter, or press ? or * to list all spells.
You can't see any susceptible monsters within range! (Use Z to cast anyway.)
The foxfire hits Maggie.
Maggie is moderately wounded.
The foxfire hits Maggie.
Maggie is heavily wounded.
Maggie gestures at you while chanting. The bolt of fire hits you!!
You die...

........# * , # * *
.#......# ... ..###
........# *##..#
....# ........# #<...
*#..# #########
#####...#** #..
###......# ##.
#...##.#.# ####..
##.#....#.######)...#
#...@@.......†).)....
#.####....##..).####.
#., ###......### . ##
###..### , . , ####*,
, , . , ** , ,. ,, *
,,, * ,, ,, * ,* *, ,
*, ****


You could see Maggie.

Vanquished Creatures
  A water moccasin (D:5)
  An ice beast (D:5)
  A black bear (D:6)
  An orc warrior (D:6)
  A sky beast (D:3)
  3 ogres
  Blork the orc (D:5)
  2 bullfrogs (Sewer)
  3 scorpions
  5 hounds
  A gnoll bouda (D:6)
  An orc priest (D:5)
  A sleepcap (D:6)
  3 iguanas
  4 orc wizards
  A hound zombie (D:3)
  A hound skeleton (D:3)
  5 adders
  11 gnolls
  A shadow imp (D:6)
  A white imp (D:3)
  An ufetubus (D:5)
  An adder skeleton (D:3)
  A worm (D:3)
  11 orcs
  4 endoplasms
  10 giant cockroaches
  6 hobgoblins
  4 quokkas (Sewer)
  10 ball pythons
  A ball python skeleton (D:3)
  A ball python zombie (D:3)
  6 frilled lizards
  4 goblins
  A jackal skeleton (D:3)
  2 kobolds
  A quokka skeleton (D:3)
  A rat (D:1)
114 creatures vanquished.

Vanquished Creatures (others)
  184 foxfires
184 creatures vanquished.

Grand Total: 298 creatures vanquished

Notes
Turn   | Place    | Note
-------+----------+-------------------------------------------
     0 | D:1      | hawla the Meteoran Fire Elementalist began the quest for
                  | the Orb.
     0 | D:1      | Reached XP level 1. HP: 14/14 MP: 5/5
    56 | D:1      | Reached XP level 2. HP: 20/20 MP: 3/6
   138 | D:2      | Learned a level 2 spell: Scorch
   219 | D:2      | You fall into a shaft and drop 1 floor!
   245 | D:3      | Found a faded altar of an unknown god.
   256 | D:3      | Reached XP level 3. HP: 27/27 MP: 6/8
   301 | D:3      | Found a glowing drain.
   317 | Sewer    | Entered a sewer
   344 | Sewer    | Reached XP level 4. HP: 34/34 MP: 6/9
   351 | Sewer    | Learned a level 4 spell: Flame Wave
   484 | Sewer    | Noticed a bullfrog
   486 | Sewer    | Noticed a bullfrog
   489 | Sewer    | Killed a bullfrog
   490 | Sewer    | Reached XP level 5. HP: 13/39 MP: 0/10
   490 | Sewer    | Killed a bullfrog
   491 | Sewer    | Reached skill level 5 in Fire Magic
   491 | Sewer    | Reached XP level 6. HP: 16/46 MP: 0/11
   739 | Sewer    | Glimpsed the power of Zot.
   755 | D:3      | Noticed a sky beast
   775 | D:3      | Killed a sky beast
   776 | D:3      | Reached skill level 5 in Conjurations
   791 | D:3      | Reached XP level 7. HP: 39/51 MP: 0/13
   799 | D:3      | Found a stormy altar of Qazlal.
   827 | D:4      | Gained mutation: Your body sometimes deteriorates upon
                  | taking damage. [potion of mutation]
   827 | D:4      | Gained mutation: Your mind is acute. (Int +4, Str/Dex -1)
                  | [potion of mutation]
  1019 | D:4      | Reached skill level 5 in Spellcasting
  1041 | D:4      | Reached XP level 8. HP: 54/58 MP: 8/16
  1261 | D:4      | Found Tuely's Antique Armour Boutique.
  1453 | D:5      | Entered Level 5 of the Dungeon
  1479 | D:5      | Reached skill level 1 in Fighting
  1560 | D:5      | Noticed Blork the orc
  1565 | D:5      | Killed Blork the orc
  1633 | D:5      | Identified the -1 cloak "Nehoppimiw" {rF+ Regen+ Int-4}
  1883 | D:5      | Gained mutation: You passively map the area around you.
                  | [Meteoran growth]
  1883 | D:5      | Reached XP level 9. HP: 61/64 MP: 9/20
  2034 | D:6      | Found a staircase to the Ecumenical Temple.
  2065 | Temple   | Entered the Ecumenical Temple
  2297 | D:6      | Reached skill level 1 in Maces & Flails
  2304 | D:6      | Noticed Maggie
  2331 | D:6      | Killed from afar by Maggie

Illustrated notes

Levels and vault maps discovered:
D:1:      lightli_arrival_farm, layout_loops_ring
D:2:      layout_basic, amcnicky_mini_rare_corridor_liquid
D:3:      layout_rooms, nicolae_qazlal_beasts_of_the_sky,
          cheibrodos_sewer_entry_sluice, hellmonk_ecumenical_altar_zigzags,
          serial_undead, serial_undead_d, serial_undead_e, serial_undead_a,
          serial_undead_a, serial_undead_b, serial_undead_d, serial_undead_e,
          serial_undead_b, minmay_pentangle
D:4:      nicolae_BIG_FREAKIN_CUBE, layout_basic, serial_shops, shop,
          corexii_checkpoint_a, due_unseen_surprise
D:5:      layout_basic, serial_bayou_pond_b, minmay_strange_pillars,
          corexii_hall_statues_t, kennysheep_generic_room_4, uniq_blork_the_orc
D:6:      layout_rooms, minmay_temple_entry_antechambers, minmay_misc_feat_x,
          st_stairs_9, uniq_maggie, uniq_sigmund
Temple:   dpeg_three_leaves_temple

Skill      XL: |  1  2  3  4  5  6  7  8  9 |
---------------+----------------------------+-----
Fire Magic     | 4 5 6 7 8 |  8.7
Spellcasting   | 3 5 7 8 |  8.3
Conjurations   | 4 5 6 |  6.5
Dodging        | 3 4 |  4.0
Fighting       | 1 2 |  2.1
Maces & Flails | 1 |  1.0
Stealth        | |  1.4

Action                     |  1- 3 |  4- 6 |  7- 9 || total
---------------------------+-------+-------+-------++-------
  Melee: Unarmed           |     5 |     1 |     1 ||     7
         Mace              |       |       |     4 ||     4
         Whip              |       |       |     1 ||     1
         Flail             |       |       |     6 ||     6
   Cast: Foxfire           |    35 |    31 |    40 ||   106
         Scorch            |       |     7 |    37 ||    44
         Flame Wave        |       |     1 |    12 ||    13
    Use: Scroll            |     2 |     1 |     4 ||     7
         Potion            |       |     2 |     3 ||     5
 Armour: Robe              |     1 |    10 |    15 ||    26
  Dodge: Dodged            |     3 |    11 |    38 ||    52
